 Dungeon Crawl Stone Soup version 0.31.0-12-g77e489cdc1 (webtiles) character file.

Game seed: 1609053583668184842

4314 CrypticCrinoid the Cleaver (level 10, -13/90 HPs)
             Began as a Minotaur Berserker on Feb 24, 2024.
             Was a Priest of Trog.
             Killed by the air
             ... invoked by Gastronok
              (41 damage)
             ... on level 8 of the Dungeon.
             The game lasted 00:18:09 (7039 turns).

CrypticCrinoid the Cleaver (Minotaur Berserker)     Turns: 7039, Time: 00:18:10

Health: -13/90     AC: 17    Str: 26    XL:     10   Next: 11%
Magic:  9/9        EV: 10    Int:  4    God:    Trog [***...]
Gold:   372        SH:  0    Dex: 10    Spells: 9/9 levels left

rFire   . . .        y - +3 war axe
rCold   + . .        (no shield)
rNeg    . . .        G - +0 chain mail {rC+}
rPois   .            (helmet restricted)
rElec   .            (no cloak)
rCorr   .            v - +0 pair of gloves
SInv    .            g - +0 pair of boots
Will    .....        (no amulet) Stlth
                     p - +4 ring of protection
HPRegen 0.35/turn    C - +4 ring of slaying
MPRegen 0.11/turn

%: no passive effects
@: slowed, very slow
A: horns 2, retaliatory headbutt
a: Renounce Religion, Berserk, Trog's Hand


You were on level 8 of the Dungeon.
You worshipped Trog.
Trog was most pleased with you.
You visited 1 branch of the dungeon, and saw 8 of its levels.

You collected 444 gold pieces.
You spent 72 gold pieces at shops.

Inventory:

Hand Weapons
 x - a +3 battleaxe
 y - a +3 war axe (weapon)
Armour
 g - a +0 pair of boots (worn)
 v - a +0 pair of gloves (worn)
 G - a +0 chain mail of cold resistance (worn)
Jewellery
 c - a ring of positive energy
 h - a ring of protection from cold
 p - a +4 ring of protection (left hand)
 C - a +4 ring of slaying (right hand)
Wands
 f - a wand of polymorph (4)
 u - a wand of flame (12)
Scrolls
 b - a scroll of teleportation
 d - 3 scrolls of revelation
 k - a scroll of noise {unknown}
 l - 2 scrolls of fear
 n - a scroll of fog {unknown}
 o - 2 scrolls of poison {unknown}
 q - 2 scrolls of immolation {unknown}
 r - a scroll of identify
 A - a scroll of enchant weapon {unknown}
 D - a scroll of acquirement {unknown}
Potions
 a - a potion of lignification {unknown}
 e - 4 potions of might
 i - 7 potions of curing
 j - 2 potions of mutation
 m - 4 potions of heal wounds
 s - a potion of invisibility {unknown}
 w - a potion of haste {unknown}
 z - 2 potions of enlightenment {unknown}
 B - a potion of attraction {unknown}
 F - a potion of magic {unknown}


   Skills:
 * Level 8.7 Fighting
 * Level 12.8 Axes
 * Level 8.4 Armour
 * Level 5.5 Dodging


You had 9 spell levels left.
You didn't know any spells.
Your spell library was empty.

Dungeon Overview and Level Annotations

Branches:
Dungeon (8/15)             Temple (0/1) D:5
   Lair: D:8-11

Altars:
Cheibriados
Hepliaklqana
Kikubaaqudgha
Makhleb
Nemelex Xobeh
Qazlal
Sif Muna
Trog
Xom

Shops:
D:1 *   D:3 !

Annotations:
D:8 Gastronok


Innate Abilities, Weirdness & Mutations

You have a pair of horns on your head.
You reflexively headbutt those who attack you in melee.


Message History

Found a robe.
Gastronok the Ponderous comes into view.
He is wearing a +1 hat of stealth.
Found 19 gold pieces.
Gastronok looks at you while chanting.
You feel yourself slow down.
You barely miss Gastronok. You headbutt Gastronok.
Gastronok is lightly wounded.
You hit Gastronok. You headbutt Gastronok!
Gastronok is lightly wounded.
Gastronok casts a spell at you.
You feel as though you will be slow longer.
You hit Gastronok.
Gastronok is lightly wounded.
Gastronok bites you but does no damage.
You hit Gastronok but do no damage. You headbutt Gastronok.
Gastronok is lightly wounded.
You slice Gastronok!! You headbutt Gastronok!
Gastronok is moderately wounded.
Gastronok bites you!!
You slash Gastronok!
Gastronok is heavily wounded.
You slash Gastronok!
Gastronok is heavily wounded.
Gastronok's eyestalks quiver as he mumbles some strange words.
Gastronok puts on a burst of speed!
You hit Gastronok. You headbutt Gastronok!
Gastronok is severely wounded.
Gastronok bites you!!
You slash Gastronok!
Gastronok is severely wounded.
You hit Gastronok but do no damage.
Gastronok is severely wounded.
Gastronok waves his eye-stalks in wide circles.
The air twists around and strikes you!
You slice Gastronok!!
Gastronok is almost dead.
Gastronok waves his eye-stalks in wide circles.
The air twists around and strikes you!!!
You die...
Gastronok gurgles, "Time to dig in!"

.#+#####.............#
#..####....###......#
...........###......#
......>......+......+
...........###......#
...........###......
.................#
.................#
...##........@...# ...
#....[....w..#
#............#
#............#
#..$.........#
#.....######## .....
###


You could see Gastronok (swift).

Vanquished Creatures
  Pikel (D:6)
  Prince Ribbit (D:6)
  Grinder (D:6)
  Sigmund (D:6)
  A wyvern (D:8)
  A steam dragon (D:8)
  Duvessa (D:6)
  A black bear (D:6)
  2 ice beasts (D:7)
  2 sky beasts
  An ogre (D:6)
  A centaur (D:7)
  A phantom (D:5)
  2 lemures (D:6)
  2 scorpions
  17 wights
  Dowan (D:6)
  4 killer bees (D:7)
  A crimson imp (D:7)
  2 bombardier beetles (D:5)
  5 hounds
  3 jellies
  2 orc priests (D:5)
  Natasha (thrice) (D:3)
  An iguana (D:6)
  4 adders
  4 gnolls
  A shadow imp (D:6)
  2 ufetubi (D:6)
  A dart slug (D:3)
  3 ribbon worms
  21 orcs
  7 ball pythons
  6 bats
  4 endoplasms
  6 giant cockroaches
  5 goblins
  8 hobgoblins
  5 jackals
  9 kobolds
  5 quokkas
  2 frilled lizards (D:1)
  4 rats
  A spectral hobgoblin (D:6)
156 creatures vanquished.

Vanquished Creatures (collateral kills)
  Maggie (D:7)
1 creature vanquished.

Grand Total: 157 creatures vanquished

Notes
Turn   | Place    | Note
-------+----------+-------------------------------------------
     0 | D:1      | CrypticCrinoid the Minotaur Berserker began the quest for
                  | the Orb.
     0 | D:1      | Reached XP level 1. HP: 19/19 MP: 0/0
   136 | D:1      | Reached skill level 4 in Axes
   136 | D:1      | Reached XP level 2. HP: 27/27 MP: 1/1
   240 | D:1      | Found Ykkathra's General Store.
   524 | D:1      | Reached XP level 3. HP: 33/33 MP: 2/2
   582 | D:1      | Reached ** piety under Trog
   798 | D:1      | Bought 2 potions of curing for 72 gold pieces
  1000 | D:2      | HP: 2/49 [gnoll/+0 flail (3)]
  1016 | D:2      | HP: 1/33 [gnoll/+0 whip (4)]
  1449 | D:2      | Reached XP level 4. HP: 41/41 MP: 3/3
  1577 | D:2      | Reached skill level 5 in Axes
  1993 | D:3      | Found Yciah's Distillery.
  2104 | D:3      | Noticed Natasha
  2116 | D:3      | Killed Natasha
  2211 | D:3      | Noticed Natasha
  2220 | D:3      | Killed Natasha
  2221 | D:3      | Reached XP level 5. HP: 47/47 MP: 4/4
  2406 | D:3      | Noticed Natasha
  2412 | D:3      | Killed Natasha
  2594 | D:3      | Found a faded altar of an unknown god.
  2868 | D:4      | Reached skill level 6 in Axes
  2868 | D:4      | Reached XP level 6. HP: 32/52 MP: 5/5
  2869 | D:4      | HP: 3/73 [wight/+2 short sword (2)]
  2871 | D:4      | Reached skill level 5 in Fighting
  2874 | D:4      | Reached skill level 5 in Armour
  3054 | D:4      | Reached skill level 7 in Axes
  3054 | D:4      | Reached XP level 7. HP: 61/61 MP: 6/6
  3137 | D:4      | Found a bloodstained altar of Trog.
  3517 | D:5      | Entered Level 5 of the Dungeon
  3523 | D:5      | Reached *** piety under Trog
  3757 | D:5      | Found a staircase to the Ecumenical Temple.
  3812 | D:5      | Reached skill level 8 in Axes
  4146 | D:5      | Found an ancient bone altar of Kikubaaqudgha.
  4241 | D:5      | Reached XP level 8. HP: 44/70 MP: 7/7
  4577 | D:6      | Noticed Dowan
  4579 | D:6      | Noticed Duvessa
  4585 | D:6      | Killed Dowan
  4594 | D:6      | Killed Duvessa
  4595 | D:6      | Reached skill level 9 in Axes
  4934 | D:6      | Noticed Grinder
  4935 | D:6      | Noticed Sigmund
  4936 | D:6      | Noticed Pikel
  4936 | D:6      | Noticed Prince Ribbit
  5009 | D:6      | Killed Pikel
  5010 | D:6      | Reached skill level 10 in Axes
  5010 | D:6      | Reached XP level 9. HP: 79/79 MP: 8/8
  5013 | D:6      | Killed Sigmund
  5014 | D:6      | Killed Grinder
  5015 | D:6      | Reached skill level 11 in Axes
  5132 | D:6      | Found a snail-covered altar of Cheibriados.
  5231 | D:6      | Killed Prince Ribbit
  5426 | D:6      | Found a hazy altar of Hepliaklqana.
  5429 | D:6      | Reached **** piety under Trog
  5778 | D:7      | Reached skill level 5 in Dodging
  5871 | D:7      | Found a burning altar of Makhleb.
  5872 | D:7      | Found a shimmering altar of Xom.
  5933 | D:7      | Found a stormy altar of Qazlal.
  5937 | D:7      | Found a shimmering blue altar of Sif Muna.
  5940 | D:7      | Found a sparkling altar of Nemelex Xobeh.
  6129 | D:7      | Reached skill level 12 in Axes
  6498 | D:7      | Noticed Maggie
  6511 | D:7      | HP: 2/81 [Maggie/+0 morningstar of distortion (19)]
  6515 | D:7      | Killed Maggie
  6516 | D:7      | Reached XP level 10. HP: 3/90 MP: 9/9
  7024 | D:8      | Noticed Gastronok
  7039 | D:8      | Killed from afar by Gastronok

Illustrated notes

Levels and vault maps discovered:
D:1:      saegor_arrival_miasma, layout_loops_ring, serial_shops, shop
D:2:      layout_loops_corners, minmay_misc_feat_cross, minmay_misc_feat_rugged
D:3:      layout_basic, shapermc_ecumenical_altar_petra, serial_shops, shop,
          uniq_natasha
D:4:      layout_basic, lightli_temple_of_fire
D:5:      layout_gridville, mainiacjoe_overflow_brackets,
          minmay_temple_entry_butterflies
D:6:      layout_rooms, cheibrodos_worm_habitat,
          nicolae_hepliaklqana_monster_ancestors, serial_rivers,
          chequers_serial_rivers_micro_b, chequers_serial_rivers_marsh,
          chequers_serial_rivers_large_a, chequers_serial_rivers_marsh,
          uniq_duvessa, uniq_sigmund, uniq_grinder, uniq_pikel,
          uniq_prince_ribbit1
D:7:      layout_basic, grunt_temple_overflow_champion_of_chaos, minitemple,
          uniq_maggie
D:8:      layout_basic, serial_shops, nicolae_diamond_shop, uniq_gastronok

Skill      XL: |  1  2  3  4  5  6  7  8  9 |
---------------+----------------------------+-----
Axes           | 4 5 6 7 8 10 12 | 12.8
Fighting       | 4 5 6 7 8 |  8.7
Armour         | 3 4 5 7 8 |  8.4
Dodging        | 3 4 5 |  5.5

Action                     |  1- 3 |  4- 6 |  7- 9 | 10-12 || total
---------------------------+-------+-------+-------+-------++-------
  Melee: Hand axe          |    83 |       |       |       ||    83
         Headbutt          |     9 |     5 |    40 |     8 ||    62
         War axe           |       |    52 |   194 |    19 ||   265
         Punch             |       |       |     2 |       ||     2
         Unarmed           |       |       |     4 |       ||     4
 Invoke: Berserk           |     1 |     2 |     2 |       ||     5
         Brothers in Arms  |       |       |     1 |       ||     1
    Use: Scroll            |       |     2 |     3 |     2 ||     7
 Armour: Animal skin       |     6 |       |       |       ||     6
         Scale mail        |    44 |       |       |       ||    44
         Chain mail        |       |    71 |   173 |    13 ||   257
         Skin              |       |       |     3 |       ||     3
  Dodge: Dodged            |    57 |    38 |    84 |     3 ||   182
